SKY
DETROIT TIGERS @ PHILADELPHIA PHILLIES
02/26/2052
 
TOP OF THE 1ST
Detroit Tigers batting - Pitching for Philadelphia Phillies : RHP Will Wachter
Pitching: RHP Will Wachter
Batting: LHB Jim Harvill 0-0: Called Strike
0-1: Ball
1-1: Ball
2-1: Foul Ball, location: 2F
2-2: Strikes out looking
Batting: RHB Kyle Garette 0-0: Ball
1-0: Ball
2-0: Called Strike
2-1: Foul Ball, location: 2F
2-2: Strikes out swinging
Batting: LHB Verrell Vander Mark 0-0: Fly out, F2 (Popup, 5SF, EV 84.4 MPH)
Top of the 1st over - 0 runs, 0 hits, 0 errors, 0 left on base; Detroit 0 - Philadelphia 0
BOTTOM OF THE 1ST
Philadelphia Phillies batting - Pitching for Detroit Tigers : LHP Jason Martinelli
Pitching: LHP Jason Martinelli
Batting: LHB Colt Agner 0-0: Ball
1-0: Fly out, F6 (Popup, 6M, EV 59.4 MPH)
Batting: RHB Kayden Rainwater 0-0: Foul Ball, location: 2F
0-1: Foul Ball, location: 2F
0-2: Foul Ball, location: 3SF
0-2: Ball
1-2: Strikes out swinging
Batting: RHB Marty Booz 0-0: Ball
1-0: Foul Ball, location: 9LMF
1-1: Called Strike
1-2: Ball
2-2: Ground out 6-3 (Groundball, 6, EV 80.6 MPH)
Bottom of the 1st over - 0 runs, 0 hits, 0 errors, 0 left on base; Detroit 0 - Philadelphia 0
TOP OF THE 2ND
Detroit Tigers batting - Pitching for Philadelphia Phillies : RHP Will Wachter
Batting: LHB Sebastian Ontiveros 0-0: Called Strike
0-1: Foul Ball, location: 2F
0-2: SINGLE (Groundball, 4MS, EV 68.1 MPH) (infield hit)
Batting: RHB Merlin Weichert 0-0: Fly out, F7 (Flyball, 7S, EV 93.1 MPH)
Batting: RHB Dragon Dainty 0-0: Swinging Strike
Passed Ball!
Sebastian Ontiveros to second
0-1: Called Strike
0-2: Strikes out swinging
Batting: RHB Sal MacDougall 0-0: Called Strike
0-1: Ball
1-1: Foul Ball, location: 2F
1-2: Ball
2-2: Foul Ball, location: 7LSFF
2-2: Ball
3-2: Foul Ball, location: 2F
3-2: Fly out, F8 (Line Drive, 89S, EV 93.8 MPH)
Top of the 2nd over - 0 runs, 1 hit, 0 errors, 1 left on base; Detroit 0 - Philadelphia 0
BOTTOM OF THE 2ND
Philadelphia Phillies batting - Pitching for Detroit Tigers : LHP Jason Martinelli
Batting: LHB Rio Ramos 0-0: Called Strike
0-1: Ball
1-1: Ball
2-1: Called Strike
2-2: Foul Ball, location: 2F
2-2: SINGLE (Line Drive, 8RS, EV 102.5 MPH)
Batting: LHB Monte Baker 0-0: Ball
1-0: Ball
2-0: Foul Ball, location: 2F
2-1: SINGLE (Line Drive, 8RS, EV 92.5 MPH)
Rio Ramos to second
Batting: RHB Marc Simms 0-0: Ball
1-0: Ball
2-0: Fly out, F9 (Flyball, 9LS, EV 91.3 MPH)
Batting: RHB Justin Morgan 0-0: Fielders Choice at 2nd, 5-4 (Groundball, 56, EV 102.5 MPH)
Rio Ramos to third
Batting: RHB Gilbert Lee 0-0: Ball
1-0: Called Strike
1-1: SINGLE (Groundball, 4MD, EV 90.6 MPH) (infield hit)
Rio Ramos scores
Justin Morgan to second
Batting: RHB Trent Williams 0-0: Ball
1-0: Fielders Choice at 2nd, 5-4 (Groundball, 56, EV 82.5 MPH)
Bottom of the 2nd over - 1 run, 3 hits, 0 errors, 2 left on base; Detroit 0 - Philadelphia 1
TOP OF THE 3RD
Detroit Tigers batting - Pitching for Philadelphia Phillies : RHP Will Wachter
Batting: RHB Brandon Diarra 0-0: Ball
1-0: Swinging Strike
1-1: Foul Ball, location: 25FF
1-2: Ball
2-2: Ball
3-2: Strikes out looking
Batting: RHB Owen Roberts 0-0: Ball
1-0: Called Strike
1-1: SINGLE (Groundball, 4D, EV 100.0 MPH)
Batting: LHB Jim Harvill 0-0: Ball
1-0: Swinging Strike
1-1: Ball
2-1: Foul Ball, location: 2F
2-2: Foul Ball, location: 7LDF
2-2: Foul Ball, location: 25FF
2-2: Ball
3-2: Foul Ball, location: 2F
3-2: Foul Ball, location: 23F
3-2: Fly out, F9 (Flyball, 9LS, EV 97.5 MPH)
Batting: RHB Kyle Garette 0-0: Called Strike
0-1: Called Strike
0-2: Foul Ball, location: 9LDF
0-2: Fly out, F6 (Line Drive, 6, EV 64.4 MPH)
Top of the 3rd over - 0 runs, 1 hit, 0 errors, 1 left on base; Detroit 0 - Philadelphia 1
BOTTOM OF THE 3RD
Philadelphia Phillies batting - Pitching for Detroit Tigers : LHP Jason Martinelli
Batting: LHB Colt Agner 0-0: Bunt missed!
0-1: Called Strike
0-2: Foul Ball, location: 5F
0-2: SINGLE (Line Drive, 3D, EV 110.6 MPH)
Batting: RHB Kayden Rainwater 0-0: Bunt - Flyout to 13S! F1
Batting: RHB Marty Booz 0-0: Ball
1-0: Ball
2-0: Ball
3-0: Base on Balls
Colt Agner to second
Batting: LHB Rio Ramos 0-0: Ball
1-0: Ball
2-0: Swinging Strike
2-1: Called Strike
2-2: Strikes out looking
Batting: LHB Monte Baker 0-0: Ball
1-0: Ball
2-0: Ball
3-0: Called Strike
3-1: Foul Ball, location: 2F
3-2: Strikes out swinging
Bottom of the 3rd over - 0 runs, 1 hit, 0 errors, 2 left on base; Detroit 0 - Philadelphia 1
TOP OF THE 4TH
Detroit Tigers batting - Pitching for Philadelphia Phillies : RHP Will Wachter
Batting: LHB Verrell Vander Mark 0-0: Ball
1-0: Ball
2-0: Ball
3-0: Base on Balls
Pitching: RHP Andy McCarthy
Batting: LHB Sebastian Ontiveros 0-0: Foul Ball, location: 2F
0-1: Ball
1-1: SINGLE (Line Drive, 34, EV 102.5 MPH)
Verrell Vander Mark to second
Batting: RHB Merlin Weichert 0-0: Swinging Strike
0-1: Ball
1-1: Foul Ball, location: 2F
1-2: Ball
2-2: Grounds into double play, 1-4-3 (Groundball, 15S, EV 60.6 MPH)
Verrell Vander Mark to third
Batting: RHB Dragon Dainty 0-0: Ball
1-0: Ball
2-0: Ball
3-0: Base on Balls
Batting: RHB Sal MacDougall 0-0: Ball
1-0: Called Strike
1-1: Ball
2-1: Fly out, F7 (Flyball, 7D, EV 100.6 MPH)
Top of the 4th over - 0 runs, 1 hit, 0 errors, 2 left on base; Detroit 0 - Philadelphia 1
BOTTOM OF THE 4TH
Philadelphia Phillies batting - Pitching for Detroit Tigers : LHP Jason Martinelli
Batting: RHB Marc Simms 0-0: Ball
1-0: Called Strike
1-1: Ball
2-1: Foul Ball, location: 9LMF
2-2: Foul Ball, location: 9LMF
2-2: Strikes out swinging
Batting: RHB Justin Morgan 0-0: Ground out 6-3 (Groundball, 6, EV 85.0 MPH)
Batting: RHB Gilbert Lee 0-0: Called Strike
0-1: Ball
1-1: Fly out, F6 (Line Drive, 6, EV 75.6 MPH)
Bottom of the 4th over - 0 runs, 0 hits, 0 errors, 0 left on base; Detroit 0 - Philadelphia 1
TOP OF THE 5TH
Detroit Tigers batting - Pitching for Philadelphia Phillies : RHP Andy McCarthy
Pitching: RHP Rodrigo Rodríguez
Now at 1B: Andy Henry
Now at SS: Oliver Sierra
Now in LF: Karter Williams
Batting: RHB Brandon Diarra 0-0: Ground out 6-3 (Groundball, 56, EV 81.9 MPH)
Batting: RHB Owen Roberts 0-0: Fly out, F9 (Flyball, 9D, EV 75.0 MPH)
Batting: LHB Jim Harvill 0-0: Ball
1-0: Fly out, F8 (Flyball, 8LD, EV 111.3 MPH)
Top of the 5th over - 0 runs, 0 hits, 0 errors, 0 left on base; Detroit 0 - Philadelphia 1
BOTTOM OF THE 5TH
Philadelphia Phillies batting - Pitching for Detroit Tigers : LHP Jason Martinelli
Now at C: Narciso Villasana
Now at 1B: Merlin Weichert
Now in LF: Peter Bates
Now in RF: Cachi Rodriguez
Batting: RHB Trent Williams 0-0: Ball
1-0: Ball
2-0: Foul Ball, location: 5FF
2-1: Ball
3-1: Base on Balls
Batting: LHB Oliver Sierra 0-0: Ball
1-0: Grounds into double play, 5-4-3 (Groundball, 56, EV 84.4 MPH)
Batting: RHB Andy Henry 0-0: Ground out 6-3 (Groundball, 6MS, EV 95.0 MPH)
Bottom of the 5th over - 0 runs, 0 hits, 0 errors, 0 left on base; Detroit 0 - Philadelphia 1
TOP OF THE 6TH
Detroit Tigers batting - Pitching for Philadelphia Phillies : RHP Rodrigo Rodríguez
Pitching: RHP Isaiah Williams
Pinch Hitting: RHB Brayden Schmell 0-0: Ball
1-0: Ball
2-0: Called Strike
2-1: SINGLE (Groundball, 6MD, EV 95.0 MPH)
Batting: SHB Carlos Vargas 0-0: Ball
1-0: Fly out, F9 (Flyball, 9, EV 81.9 MPH)
Batting: LHB Narciso Villasana 0-0: Ball
1-0: Grounds into double play, 3-6-3 (Groundball, 3, EV 80.0 MPH)
Top of the 6th over - 0 runs, 1 hit, 0 errors, 0 left on base; Detroit 0 - Philadelphia 1
BOTTOM OF THE 6TH
Philadelphia Phillies batting - Pitching for Detroit Tigers : LHP Jason Martinelli
Pitching: RHP Jaden Bishop
Now at 1B: Kyle McCoy
Now at 3B: Brayden Schmell
Now at SS: Zaiden Parker
Now in CF: Aarón Gutiérrez
Pinch Hitting: LHB George Copa 0-0: Ball
1-0: Ball
2-0: Called Strike
2-1: Ball
3-1: Foul Ball, location: 2F
3-2: Fly out, F4 (Popup, 4M, EV 53.8 MPH)
Batting: RHB Karter Williams 0-0: Called Strike
0-1: Called Strike
0-2: Strikes out looking
Pinch Hitting: RHB Kyle Negulescu 0-0: Ball
1-0: Foul Ball, location: 9LSF
1-1: Ground out 4-3 (Groundball, 34, EV 97.5 MPH)
Bottom of the 6th over - 0 runs, 0 hits, 0 errors, 0 left on base; Detroit 0 - Philadelphia 1
TOP OF THE 7TH
Detroit Tigers batting - Pitching for Philadelphia Phillies : RHP Isaiah Williams
Pitching: RHP John Matthew
Now at C: J.C. Gates
Now in CF: George Copa
Now in RF: Noah Powell
Batting: RHB Kyle McCoy 0-0: Foul Ball, location: 9LSF
0-1: Ball
1-1: Swinging Strike
1-2: Strikes out looking
Batting: RHB Peter Bates 0-0: Called Strike
0-1: Foul Ball, location: 3F
0-2: Ball
1-2: Ball
2-2: Strikes out swinging, 2-3 out at first.
Pinch Hitting: LHB Will Dishman 0-0: Ball
1-0: Swinging Strike
1-1: Called Strike
1-2: Ball
2-2: Strikes out swinging, 2-3 out at first.
Top of the 7th over - 0 runs, 0 hits, 0 errors, 0 left on base; Detroit 0 - Philadelphia 1
BOTTOM OF THE 7TH
Philadelphia Phillies batting - Pitching for Detroit Tigers : RHP Jaden Bishop
Pitching: LHP Woodie Blackman
Now at 2B: Will Dishman
Batting: RHB Liam Lyons 0-0: Ball
1-0: Called Strike
1-1: Called Strike
1-2: Foul Ball, location: 2F
1-2: Ball
2-2: Foul Ball, location: 9LSF
2-2: Foul Ball, location: 3SF
2-2: Fly out, F9 (Line Drive, 9, EV 90.0 MPH)
Pinch Hitting: RHB Josiah Mandel 0-0: Called Strike
0-1: Swinging Strike
0-2: Ball
1-2: Foul Ball, location: 9LSF
1-2: Ball
2-2: Fly out, F2 (Popup, 23F, EV 86.9 MPH)
Batting: RHB Gilbert Lee 0-0: Swinging Strike
0-1: Swinging Strike
0-2: Ball
1-2: Strikes out swinging
Bottom of the 7th over - 0 runs, 0 hits, 0 errors, 0 left on base; Detroit 0 - Philadelphia 1
TOP OF THE 8TH
Detroit Tigers batting - Pitching for Philadelphia Phillies : RHP John Matthew
Pitching: RHP Alonzo Panico
Now at 3B: Josiah Mandel
Batting: RHB Aarón Gutiérrez 0-0: Called Strike
0-1: SINGLE (Line Drive, 7LS, EV 99.4 MPH)
Batting: RHB Zaiden Parker 0-0: Ball
1-0: Foul Ball, location: 2LF, Error on foul ball, E2
1-1: Ball
2-1: Sac Bunt to 2R - play at first, batter OUT! 2-3
Aarón Gutiérrez to second
Batting: LHB Cachi Rodriguez 0-0: Ball
1-0: Ball
2-0: Ball
3-0: Base on Balls
Pinch Hitting: SHB Austin Branson 0-0: Ball
1-0: Called Strike
1-1: Ball
2-1: Ball
3-1: SINGLE (Groundball, 56S, EV 70.6 MPH) (infield hit)
Aarón Gutiérrez to third
Cachi Rodriguez to second
Batting: SHB Carlos Vargas 0-0: Called Strike
0-1: Ball
1-1: Called Strike
1-2: Foul Ball, location: 2LF
1-2: Grounds into fielders choice 1-2 (Groundball, P, EV 70.6 MPH)
Cachi Rodriguez to third
Austin Branson to second
Batting: LHB Narciso Villasana 0-0: Ground out U3 (Groundball, 3, EV 108.1 MPH)
Top of the 8th over - 0 runs, 2 hits, 1 error, 3 left on base; Detroit 0 - Philadelphia 1
BOTTOM OF THE 8TH
Philadelphia Phillies batting - Pitching for Detroit Tigers : LHP Woodie Blackman
Pitching: RHP Luis Mickel
Now at 3B: Cachi Rodriguez
Now in LF: Austin Branson
Now in RF: Peter Bates
Batting: LHB Noah Powell 0-0: Ball
1-0: Ball
2-0: Ball
3-0: Called Strike
3-1: Base on Balls
Batting: LHB Oliver Sierra 0-0: Ball
Noah Powell steals 2nd base
1-0: Called Strike
1-1: Ball
2-1: Foul Ball, location: 3F
2-2: Fly out, F7 (Flyball, 78S, EV 83.1 MPH)
Batting: RHB Andy Henry 0-0: Ball
1-0: Called Strike
1-1: SINGLE (Groundball, 34D, EV 100.6 MPH)
Noah Powell to third
Runner from 3rd tries for Home, SAFE, throw by RF to home
Andy Henry to second
Batting: LHB George Copa 0-0: Swinging Strike
0-1: Called Strike
0-2: Ball
1-2: SINGLE (Groundball, P, EV 78.8 MPH) (infield hit)
Andy Henry to third
Batting: RHB Karter Williams 0-0: Called Strike
George Copa steals 2nd base
0-1: Foul Ball, location: 23F
0-2: Ball
1-2: Ball
2-2: Foul Ball, location: 3F
2-2: Foul Ball, location: 25F
2-2: Ball
3-2: Base on Balls
Batting: RHB J.C. Gates 0-0: Ball
1-0: Swinging Strike
1-1: Foul Ball, location: 9LDF
1-2: Ball
2-2: Foul Ball, location: 23FF
2-2: Strikes out looking
Batting: RHB Liam Lyons 0-0: Swinging Strike
0-1: Fly out, F7 (Flyball, 78M, EV 97.5 MPH)
Bottom of the 8th over - 1 run, 2 hits, 0 errors, 3 left on base; Detroit 0 - Philadelphia 2
TOP OF THE 9TH
Detroit Tigers batting - Pitching for Philadelphia Phillies : RHP Alonzo Panico
Batting: RHB Kyle McCoy 0-0: Ball
1-0: Called Strike
1-1: Foul Ball, location: 2F
1-2: Foul Ball, location: 2F
1-2: SINGLE (Groundball, 34D, EV 95.0 MPH)
Batting: RHB Peter Bates 0-0: Ball
1-0: Foul Ball, location: 25F
1-1: Foul Ball, location: 5F
1-2: Foul Ball, location: 2F
1-2: Ball
2-2: SINGLE (Groundball, 34, EV 78.1 MPH) (infield hit)
Kyle McCoy to second
Batting: LHB Will Dishman 0-0: Called Strike
0-1: Ball
1-1: Reaches on Catchers interference
Kyle McCoy to third
Peter Bates to second
Batting: RHB Aarón Gutiérrez 0-0: Ball
1-0: Ball
2-0: Grounds into fielders choice 6-2 (Groundball, 6, EV 90.6 MPH)
Peter Bates to third
Will Dishman to second
Batting: RHB Zaiden Parker 0-0: Ball
1-0: Called Strike
1-1: Ball
2-1: Foul Ball, location: 2F
2-2: Fly out, F8 (Flyball, 8RS, EV 83.8 MPH)
Batting: LHB Cachi Rodriguez 0-0: Swinging Strike
0-1: Fielders Choice at 2nd, 6-4 (Groundball, 6, EV 83.8 MPH)
Top of the 9th over - 0 runs, 2 hits, 1 error, 3 left on base; Detroit 0 - Philadelphia 2
Saturday, April 13th , 2024 - OOTP Baseball 24.11 Build 85